2183 views
Uploaded 2024-08-28 02:10:31
Game version 1.36 (6115)
27:37 long 2on2 ladder game on (4)TwistedMeadows_S2_v1.1
Saved by Cabeelibob
2183 views
Uploaded 2024-08-28 02:10:31
Game version 1.36 (6115)
27:37 long 2on2 ladder game on (4)TwistedMeadows_S2_v1.1


82 units @ 11.5k
/ 1.8k
44 buildings @ 7.9k
/ 3.3k


x1)
| Potion of Healing | 2 | 300 |
| Staff of Preservation | 1 | 150 |
| Lesser Clarity Potion | 3 | 210 |
| Potion of Mana | 1 | 200 |
| Anti-magic Potion | 1 | 100 |
| Orb of Venom | 1 | 325 |
| Scroll of Town Portal | 2 | 700 |
| Staff of Teleportation | 2 | 300 |
| Boots of Speed | 1 | 250 |
| Tome of Retraining | 1 | 300 |
| Potion of Invisibility | 1 | 100 |
| total: | 16 | 2935g |
| Wisp | 26 | 1560 | / | 0 |
| Archer | 5 | 650 | / | 50 |
| Huntress | 1 | 195 | / | 20 |
| Dryad | 3 | 435 | / | 180 |
| Druid of the Claw | 2 | 510 | / | 160 |
| Chimaera | 5 | 1650 | / | 350 |
| Goblin Shredder | 2 | 750 | / | 200 |
| Goblin Zeppelin | 1 | 240 | / | 60 |
| total: | 45 | 5990g | / | 1020w |
| Altar of Elders | 2 | 360 | / | 100 |
| Moon Well | 8 | 1440 | / | 320 |
| Ancient of War | 3 | 450 | / | 180 |
| Tree of Life | 3 | 1020 | / | 555 |
| Hunter's Hall | 1 | 210 | / | 100 |
| Ancient of Wonders | 1 | 90 | / | 30 |
| Ancient of Lore | 2 | 310 | / | 290 |
| Chimaera Roost | 2 | 280 | / | 380 |
| Tree of Ages | 1 | 320 | / | 180 |
| Tree of Eternity | 1 | 330 | / | 200 |
| total: | 22 | 4160g | / | 1955w |
| 0:04 | Wisp |
| 0:04 | Wisp |
| 0:07 | Altar of Elders |
| 0:09 | Moon Well |
| 0:11 | Altar of Elders |
| 0:36 | Ancient of War |
| 0:39 | Wisp |
| 0:39 | Wisp |
| 0:50 | Wisp |
| 1:02 | Wisp |
| 1:02 | Wisp |
| 1:19 | Wisp |
| 1:31 | Wisp |
| 1:41 | Archer |
| 1:47 | Moon Well |
| 1:54 | Wisp |
| 2:07 | Wisp |
| 2:11 | Shadow Strike |
| 3:05 | Tree of Life |
| 3:13 | Tree of Life |
| 3:25 | Blink |
| 3:28 | Wisp |
| 3:29 | Wisp |
| 3:29 | Wisp |
| 3:41 | Staff of Teleportation |
| 3:41 | Boots of Speed |
| 3:46 | Archer |
| 4:23 | Archer |
| 5:02 | Tree of Ages |
| 5:20 | Hunter's Hall |
| 5:24 | Moon Well |
| 5:39 | Archer |
| 5:58 | Archer |
| 6:20 | Ancient of Wonders |
| 6:39 | Huntress |
| 6:44 | Wisp |
| 6:44 | Wisp |
| 6:44 | Wisp |
| 7:24 | Shadow Strike |
| 7:39 | Ancient of Lore |
| 7:40 | Ancient of Lore |
| 7:47 | Scroll of Town Portal |
| 7:47 | Potion of Healing |
| 7:48 | Staff of Preservation |
| 7:48 | Lesser Clarity Potion |
| 7:55 | Tree of Eternity |
| 8:03 | Wisp |
| 8:04 | Wisp |
| 8:04 | Wisp |
| 8:04 | Wisp |
| 8:14 | Goblin Shredder |
| 8:14 | Goblin Shredder |
| 8:52 | Potion of Mana |
| 8:53 | Lesser Clarity Potion |
| 8:56 | Abolish Magic |
| 8:56 | Dryad |
| 9:18 | Druid of the Claw Adept Training |
| 9:22 | Dryad |
| 9:40 | Blink |
| 9:52 | Dryad |
| 9:59 | Moon Well |
| 10:01 | Moon Well |
| 10:27 | Druid of the Claw Master Training |
| 10:57 | Druid of the Claw |
| 11:31 | Well Spring |
| 11:32 | Strength of the Wild |
| 11:33 | Nature's Blessing |
| 12:20 | Druid of the Claw |
| 12:24 | Reinforced Hides |
| 13:07 | Tree of Life |
| 13:13 | Chimaera Roost |
| 13:15 | Chimaera Roost |
| 14:44 | Corrosive Breath |
| 14:45 | Chimaera |
| 14:48 | Moon Well |
| 14:49 | Moon Well |
| 14:51 | Moon Well |
| 14:58 | Shadow Strike |
| 15:09 | Mark of the Claw |
| 15:24 | Tome of Retraining |
| 15:24 | Retrain Hero |
| 15:27 | Fan of Knives |
| 15:27 | Fan of Knives |
| 15:28 | Fan of Knives |
| 15:29 | Blink |
| 15:29 | Blink |
| 15:39 | Chimaera |
| 16:42 | Scroll of Town Portal |
| 16:42 | Anti-magic Potion |
| 16:48 | Wisp |
| 16:48 | Wisp |
| 16:48 | Wisp |
| 16:48 | Wisp |
| 16:53 | Chimaera |
| 17:51 | Wisp |
| 17:55 | Improved Strength of the Wild |
| 17:55 | Improved Reinforced Hides |
| 20:19 | Ancient of War |
| 20:21 | Ancient of War |
| 20:46 | Breath of Fire |
| 20:50 | Chimaera |
| 22:05 | Staff of Teleportation |
| 22:06 | Potion of Invisibility |
| 23:22 | Goblin Zeppelin |
| 24:41 | Chimaera |
| 25:06 | Potion of Healing |
| 25:07 | Orb of Venom |
| 26:30 | Lesser Clarity Potion |
| Right click | 1495 |
| Select | 374 |
| Select group | 314 |
| Build/train/purchase | 122 |
| Misc. action | 85 |
| Use ability | 55 |
| Assign group | 38 |
| Resource trade | 20 |
| Item give/drop | 14 |
| Remove unit | 1 |



x1)
| Rod of Necromancy | 3 | 450 |
| Orb of Corruption | 1 | 375 |
| Scroll of Healing | 2 | 500 |
| Scroll of Town Portal | 1 | 350 |
| Potion of Lesser Invulnerability | 2 | 300 |
| Scroll of Protection | 1 | 150 |
| Circlet of Nobility | 1 | 175 |
| Tome of Retraining | 1 | 300 |
| total: | 12 | 2600g |
| Acolyte | 12 | 900 | / | 0 |
| Ghoul | 5 | 600 | / | 0 |
| Crypt Fiend | 11 | 2365 | / | 440 |
| Obsidian Statue | 4 | 800 | / | 140 |
| Banshee | 4 | 620 | / | 120 |
| Goblin Zeppelin | 1 | 240 | / | 60 |
| total: | 37 | 5525g | / | 760w |
| Nerubian Tower | 2 | 200 | / | 40 |
| Spirit Tower | 3 | 435 | / | 120 |
| Crypt | 2 | 400 | / | 100 |
| Altar of Darkness | 1 | 180 | / | 50 |
| Ziggurat | 10 | 1500 | / | 500 |
| Tomb of Relics | 1 | 130 | / | 30 |
| Graveyard | 2 | 430 | / | 0 |
| Necropolis | 2 | 450 | / | 0 |
| Slaughterhouse | 1 | 140 | / | 135 |
| Temple of the Damned | 1 | 155 | / | 140 |
| Boneyard | 2 | 350 | / | 400 |
| Halls of the Dead | 1 | 320 | / | 210 |
| Black Citadel | 1 | 325 | / | 230 |
| total: | 22 | 3735g | / | 1355w |
| 0:03 | Acolyte |
| 0:09 | Crypt |
| 0:12 | Altar of Darkness |
| 0:26 | Ziggurat |
| 0:44 | Acolyte |
| 1:01 | Tomb of Relics |
| 1:16 | Ghoul |
| 1:16 | Ghoul |
| 1:26 | Ziggurat |
| 1:45 | Ghoul |
| 1:57 | Ghoul |
| 2:13 | Rod of Necromancy |
| 2:20 | Death Coil |
| 2:28 | Graveyard |
| 2:58 | Halls of the Dead |
| 3:12 | Ghoul |
| 3:14 | Nerubian Tower |
| 3:37 | Unholy Aura |
| 5:01 | Crypt Fiend |
| 5:01 | Crypt Fiend |
| 5:03 | Ziggurat |
| 5:41 | Black Citadel |
| 5:44 | Slaughterhouse |
| 6:54 | Obsidian Statue |
| 7:16 | Temple of the Damned |
| 7:20 | Ziggurat |
| 7:32 | Death Coil |
| 7:45 | Obsidian Statue |
| 8:05 | Orb of Corruption |
| 8:11 | Rod of Necromancy |
| 8:11 | Rod of Necromancy |
| 8:14 | Crypt Fiend |
| 8:20 | Frost Nova |
| 8:39 | Destroyer Form |
| 8:54 | Burrow |
| 9:01 | Banshee |
| 9:01 | Banshee Adept Training |
| 9:08 | Howl of Terror |
| 9:25 | Potion of Lesser Invulnerability |
| 9:26 | Scroll of Healing |
| 9:48 | Banshee |
| 9:52 | Ziggurat |
| 9:54 | Creature Attack |
| 11:10 | Dark Ritual |
| 11:20 | Banshee Master Training |
| 11:20 | Banshee |
| 11:20 | Banshee |
| 11:21 | Crypt Fiend |
| 11:21 | Crypt Fiend |
| 11:23 | Obsidian Statue |
| 11:23 | Obsidian Statue |
| 11:25 | Ziggurat |
| 11:32 | Unholy Aura |
| 11:38 | Cleaving Attack |
| 11:50 | Acolyte |
| 12:37 | Necropolis |
| 13:00 | Potion of Lesser Invulnerability |
| 13:00 | Scroll of Healing |
| 13:01 | Scroll of Protection |
| 14:58 | Improved Creature Attack |
| 14:59 | Creature Carapace |
| 15:49 | Acolyte |
| 15:49 | Acolyte |
| 15:49 | Acolyte |
| 15:49 | Acolyte |
| 16:25 | Boneyard |
| 16:28 | Boneyard |
| 16:30 | Advanced Creature Attack |
| 17:24 | Acolyte |
| 17:30 | Frost Nova |
| 17:33 | Howl of Terror |
| 17:52 | Circlet of Nobility |
| 17:53 | Tome of Retraining |
| 17:53 | Retrain Hero |
| 17:55 | Rain of Fire |
| 17:55 | Rain of Fire |
| 17:55 | Cleaving Attack |
| 18:38 | Improved Creature Carapace |
| 18:39 | Advanced Creature Carapace |
| 19:48 | Web |
| 20:44 | Spirit Tower |
| 20:46 | Crypt Fiend |
| 20:47 | Crypt Fiend |
| 20:47 | Crypt Fiend |
| 20:47 | Crypt Fiend |
| 20:47 | Crypt Fiend |
| 20:47 | Crypt Fiend |
| 20:52 | Necropolis |
| 20:55 | Ziggurat |
| 20:57 | Ziggurat |
| 20:59 | Ziggurat |
| 21:33 | Graveyard |
| 22:12 | Crypt |
| 22:44 | Acolyte |
| 22:44 | Acolyte |
| 22:44 | Acolyte |
| 22:44 | Acolyte |
| 23:07 | Ziggurat |
| 23:51 | Scroll of Town Portal |
| 24:43 | Goblin Zeppelin |
| Select group | 1052 |
| Right click | 951 |
| Select | 463 |
| Misc. action | 156 |
| Build/train/purchase | 133 |
| Use ability | 86 |
| Assign group | 80 |
| Item give/drop | 10 |
| Minimap ping | 7 |
| Resource trade | 5 |
| Chat | 4 |
/ 0.6k
106 buildings @ 6.8k
/ 3.3k


| Peasant | 21 | 1575 | / | 0 |
| Mortar Team | 1 | 180 | / | 70 |
| Flying Machine | 13 | 1300 | / | 390 |
| Goblin Zeppelin | 1 | 240 | / | 60 |
| total: | 36 | 3295g | / | 520w |
| Scout Tower | 30 | 900 | / | 600 |
| Arcane Tower | 4 | 280 | / | 200 |
| Guard Tower | 6 | 420 | / | 300 |
| Altar of Kings | 2 | 360 | / | 100 |
| Farm | 13 | 1040 | / | 260 |
| Lumber Mill | 2 | 240 | / | 0 |
| Town Hall | 1 | 385 | / | 205 |
| Blacksmith | 1 | 140 | / | 60 |
| Workshop | 3 | 420 | / | 420 |
| Keep | 1 | 320 | / | 210 |
| Castle | 1 | 360 | / | 210 |
| total: | 52 | 3485g | / | 1645w |
| 0:02 | Peasant |
| 0:05 | Altar of Kings |
| 0:07 | Peasant |
| 0:18 | Farm |
| 0:20 | Peasant |
| 0:25 | Lumber Mill |
| 0:27 | Peasant |
| 0:43 | Peasant |
| 0:51 | Scout Tower |
| 1:06 | Peasant |
| 1:26 | Arcane Tower |
| 1:27 | Peasant |
| 1:39 | Peasant |
| 1:47 | Peasant |
| 2:10 | Farm |
| 2:15 | Storm Bolt |
| 2:28 | Scout Tower |
| 3:17 | Town Hall |
| 3:51 | Scout Tower |
| 4:01 | Peasant |
| 4:02 | Peasant |
| 4:03 | Guard Tower |
| 4:11 | Arcane Tower |
| 4:57 | Peasant |
| 4:57 | Peasant |
| 5:19 | Peasant |
| 5:25 | Scout Tower |
| 5:30 | Peasant |
| 5:30 | Peasant |
| 5:52 | Blacksmith |
| 5:55 | Keep |
| 5:57 | Scout Tower |
| 5:59 | Scout Tower |
| 5:59 | Scout Tower |
| 6:09 | Peasant |
| 6:12 | Peasant |
| 6:21 | Scout Tower |
| 6:23 | Scout Tower |
| 6:46 | Guard Tower |
| 7:05 | Bash |
| 7:05 | Bash |
| 7:14 | Guard Tower |
| 7:18 | Black Gunpowder |
| 7:34 | Improved Lumber Harvesting |
| 7:34 | Improved Masonry |
| 7:40 | Scout Tower |
| 7:41 | Scout Tower |
| 7:42 | Scout Tower |
| 7:43 | Scout Tower |
| 7:46 | Peasant |
| 8:07 | Lumber Mill |
| 8:22 | Castle |
| 8:29 | Workshop |
| 8:31 | Workshop |
| 8:52 | Workshop |
| 8:56 | Peasant |
| 8:56 | Peasant |
| 9:04 | Advanced Lumber Harvesting |
| 9:16 | Farm |
| 9:36 | Flak Cannons |
| 9:36 | Flare |
| 9:41 | Farm |
| 9:42 | Scout Tower |
| 9:43 | Scout Tower |
| 9:43 | Scout Tower |
| 11:16 | Flying Machine Bombs |
| 11:17 | Fragmentation Shards |
| 11:17 | Mortar Team |
| 11:21 | Refined Gunpowder |
| 11:21 | Iron Plating |
| 11:28 | Altar of Kings |
| 11:43 | Guard Tower |
| 11:45 | Scout Tower |
| 11:46 | Scout Tower |
| 13:18 | Farm |
| 13:20 | Farm |
| 13:25 | Farm |
| 13:28 | Farm |
| 13:30 | Farm |
| 13:33 | Farm |
| 15:05 | Flying Machine |
| 15:05 | Flying Machine |
| 15:05 | Flying Machine |
| 15:06 | Flying Machine |
| 15:06 | Flying Machine |
| 15:06 | Flying Machine |
| 15:06 | Flying Machine |
| 15:17 | Imbued Gunpowder |
| 16:02 | Farm |
| 16:03 | Farm |
| 16:42 | Steel Plating |
| 16:45 | Flying Machine |
| 16:46 | Flying Machine |
| 16:49 | Farm |
| 16:54 | Flying Machine |
| 17:09 | Advanced Masonry |
| 17:53 | Goblin Zeppelin |
| 18:22 | Flying Machine |
| 18:23 | Flying Machine |
| 20:09 | Scout Tower |
| 20:10 | Scout Tower |
| 20:10 | Scout Tower |
| 20:11 | Scout Tower |
| 20:12 | Scout Tower |
| 20:12 | Scout Tower |
| 20:24 | Storm Bolt |
| 20:25 | Storm Bolt |
| 20:27 | Divine Shield |
| 20:28 | Divine Shield |
| 21:21 | Guard Tower |
| 21:23 | Scout Tower |
| 21:24 | Scout Tower |
| 21:25 | Scout Tower |
| 21:25 | Scout Tower |
| 21:44 | Arcane Tower |
| 22:41 | Guard Tower |
| 22:45 | Flying Machine |
| 24:40 | Scout Tower |
| 24:41 | Scout Tower |
| 25:55 | Arcane Tower |
| 26:17 | Bash |
| 26:18 | Bash |
| 26:20 | Holy Light |
| 26:21 | Holy Light |
| Right click | 999 |
| Select group | 353 |
| Select | 264 |
| Build/train/purchase | 84 |
| Misc. action | 69 |
| Use ability | 44 |
| Minimap ping | 14 |
| Resource trade | 11 |
| Assign group | 8 |
| Remove unit | 3 |
Cabeelibob
(194)
(27:35) : 

| Peasant | 33 | 2475 | / | 0 |
| Dragonhawk Rider | 2 | 400 | / | 60 |
| total: | 35 | 2875g | / | 60w |
| Scout Tower | 39 | 1170 | / | 780 |
| Arcane Tower | 13 | 910 | / | 650 |
| Guard Tower | 20 | 1400 | / | 1000 |
| Altar of Kings | 1 | 180 | / | 50 |
| Farm | 7 | 560 | / | 140 |
| Lumber Mill | 2 | 240 | / | 0 |
| Arcane Vault | 1 | 130 | / | 30 |
| Town Hall | 2 | 770 | / | 410 |
| Gryphon Aviary | 1 | 140 | / | 150 |
| Arcane Sanctum | 1 | 150 | / | 140 |
| Keep | 1 | 320 | / | 210 |
| Castle | 1 | 360 | / | 210 |
| total: | 54 | 3340g | / | 1700w |
| 0:04 | Altar of Kings |
| 0:08 | Farm |
| 0:08 | Peasant |
| 0:09 | Peasant |
| 0:16 | Peasant |
| 0:25 | Peasant |
| 0:35 | Lumber Mill |
| 0:45 | Scout Tower |
| 0:47 | Peasant |
| 0:47 | Peasant |
| 1:28 | Farm |
| 1:29 | Peasant |
| 1:29 | Peasant |
| 1:36 | Arcane Tower |
| 1:49 | Improved Lumber Harvesting |
| 2:24 | Storm Bolt |
| 2:30 | Farm |
| 2:34 | Peasant |
| 2:34 | Peasant |
| 2:34 | Peasant |
| 2:54 | Scout Tower |
| 3:08 | Peasant |
| 3:08 | Peasant |
| 3:10 | Improved Masonry |
| 3:16 | Scout Tower |
| 3:16 | Scout Tower |
| 3:17 | Scout Tower |
| 3:33 | Peasant |
| 3:35 | Guard Tower |
| 3:37 | Scout Tower |
| 3:53 | Guard Tower |
| 3:59 | Arcane Tower |
| 4:01 | Guard Tower |
| 4:13 | Peasant |
| 4:14 | Peasant |
| 4:17 | Scout Tower |
| 4:39 | Guard Tower |
| 5:00 | Guard Tower |
| 5:03 | Peasant |
| 5:03 | Peasant |
| 5:03 | Peasant |
| 5:45 | Scout Tower |
| 5:47 | Scout Tower |
| 5:47 | Scout Tower |
| 5:53 | Keep |
| 6:00 | Scout Tower |
| 6:00 | Scout Tower |
| 6:04 | Scout Tower |
| 6:16 | Guard Tower |
| 6:18 | Scout Tower |
| 6:20 | Guard Tower |
| 6:28 | Scout Tower |
| 6:29 | Scout Tower |
| 6:41 | Guard Tower |
| 6:44 | Scout Tower |
| 6:46 | Guard Tower |
| 6:47 | Guard Tower |
| 6:50 | Scout Tower |
| 6:50 | Scout Tower |
| 7:06 | Guard Tower |
| 7:13 | Scout Tower |
| 7:14 | Scout Tower |
| 7:21 | Guard Tower |
| 7:22 | Guard Tower |
| 7:30 | Scout Tower |
| 7:30 | Scout Tower |
| 7:34 | Scout Tower |
| 7:35 | Scout Tower |
| 7:38 | Guard Tower |
| 7:52 | Guard Tower |
| 8:01 | Guard Tower |
| 8:20 | Castle |
| 8:32 | Arcane Tower |
| 8:35 | Guard Tower |
| 8:44 | Scout Tower |
| 8:45 | Scout Tower |
| 8:52 | Guard Tower |
| 9:16 | Holy Light |
| 9:20 | Arcane Tower |
| 9:23 | Scout Tower |
| 9:27 | Scout Tower |
| 9:30 | Scout Tower |
| 9:31 | Scout Tower |
| 9:36 | Guard Tower |
| 9:39 | Scout Tower |
| 9:40 | Scout Tower |
| 9:46 | Advanced Masonry |
| 10:01 | Arcane Tower |
| 10:04 | Scout Tower |
| 10:09 | Scout Tower |
| 10:14 | Arcane Tower |
| 10:31 | Holy Light |
| 10:37 | Arcane Tower |
| 10:38 | Arcane Tower |
| 10:41 | Scout Tower |
| 10:45 | Scout Tower |
| 10:47 | Arcane Tower |
| 10:50 | Scout Tower |
| 10:54 | Scout Tower |
| 11:06 | Imbued Masonry |
| 11:13 | Arcane Tower |
| 11:23 | Guard Tower |
| 11:26 | Arcane Tower |
| 11:28 | Arcane Tower |
| 11:38 | Arcane Tower |
| 12:00 | Lumber Mill |
| 12:06 | Gryphon Aviary |
| 12:19 | Arcane Sanctum |
| 13:34 | Arcane Vault |
| 13:40 | Magic Sentry |
| 14:02 | Cloud |
| 14:15 | Dragonhawk Rider |
| 14:15 | Dragonhawk Rider |
| 15:11 | Farm |
| 15:51 | Farm |
| 16:37 | Farm |
| 17:54 | Farm |
| 21:15 | Town Hall |
| 21:20 | Town Hall |
| 23:17 | Peasant |
| 23:17 | Peasant |
| 23:20 | Peasant |
| 23:54 | Peasant |
| 24:20 | Peasant |
| 24:21 | Peasant |
| 24:22 | Peasant |
| 26:12 | Peasant |
| 26:12 | Peasant |
| 26:12 | Peasant |
| 26:12 | Peasant |
| 26:12 | Peasant |
| 27:31 | Peasant |
| 27:31 | Peasant |
| Right click | 689 |
| Select group | 513 |
| Select | 305 |
| Build/train/purchase | 96 |
| Resource trade | 25 |
| Use ability | 15 |
| Misc. action | 14 |
| Assign group | 10 |
| Chat | 6 |
| Remove unit | 4 |
| Esc | 4 |
| Minimap ping | 2 |